 Dungeon Crawl Stone Soup version 0.15-a0-834-gd31242b (webtiles) character file.

1690 4tharraofdagon the Chopper (level 8, -4/59 (61) HPs)
             Began as a Demonspawn Fire Elementalist on May 15, 2014.
             Was a Follower of Cheibriados.
             Killed from afar by an orc (9 damage)
             ... with a wand of fire
             ... on Level 7 of the Dungeon.
             The game lasted 00:26:16 (3221 turns).

4tharraofdagon the Chopper (DsFE)                   Turns: 3221, Time: 00:26:16

HP  -4/59 (61)   AC  4     Str 14      XL: 8   Next: 72%
MP   0/18        EV 14     Int 20      God: Cheibriados [*.....]
Gold 180         SH  0     Dex 16      Spells:  3 memorised,  7 levels left

rFire  . . .     SeeInvis .     m - +0 battleaxe
rCold  . . .     Clarity  +     a - +0 robe
rNeg   . . .     Conserve .     (no shield)
rPois  .         rCorr    .     (helmet restricted)
rElec  .         rRot     .     k - +0 cloak
SustAb . .       Spirit   +     (no gloves)
rMut   .         Warding  .     (no boots)
Gourm  .         Stasis   .     C - amulet of clarity
MR     .....                    H - +0,+5 ring of slaying
                                A - ring of flight

@: very slightly contaminated, very slow, not resistant to hostile enchantments,
unstealthy
A: antennae 2, rugged brown scales 1, magic shield, magic regeneration
a: Bend Time, Renounce Religion, Evoke Flight


You were on level 7 of the Dungeon.
You worshipped Cheibriados.
Cheibriados was aware of your devotion.
You were not hungry.

You visited 2 branches of the dungeon, and saw 10 of its levels.

You collected 366 gold pieces.
You spent 186 gold pieces at shops.

Inventory:

Hand weapons
 f - a +0,+0 short sword
 j - a +0,+0 dagger
 m - a +0,+0 battleaxe (weapon)
Missiles
 h - 21 stones (quivered)
 p - 7 tomahawks
 z - 2 throwing nets
 L - 8 darts of flame
Armour
 a - a +0 robe (worn)
 k - a +0 cloak (worn)
Magical devices
 o - a wand of digging (15)
 q - a wand of paralysis (9)
 y - a wand of teleportation (5)
 J - a wand of cold (6)
Comestibles
 c - 4 bread rations
 v - 5 beef jerkies
 I - a chunk of adder flesh
Scrolls
 d - 2 scrolls of fog {unknown}
 e - 6 scrolls of identify
 g - a scroll of amnesia {unknown}
 i - 2 scrolls of immolation {unknown}
 l - a scroll of enchant armour {unknown}
 r - a scroll of random uselessness {unknown}
 s - a scroll of enchant weapon II {unknown}
 t - a scroll of recharging {unknown}
 u - a scroll of fear {unknown}
 x - a scroll of magic mapping {unknown}
 E - a scroll of remove curse {unknown}
 G - a scroll of silence {unknown}
 K - a scroll of teleportation
Jewellery
 n - an uncursed amulet of rage
 A - a ring of flight (left hand)
 C - an amulet of clarity (around neck)
 H - a +0,+5 ring of slaying (right hand)
Potions
 w - a potion of resistance
 B - a potion of curing
 D - 3 potions of might
 F - a potion of haste
Books
 b - a book of Flames

   Spells                             Type                      Level
   *Flame Tongue                      Conjuration/Fire             1
   Throw Flame                        Conjuration/Fire             2
   *Conjure Flame                     Conjuration/Fire             3
   Inner Flame                        Hexes/Fire                   3
   *Sticky Flame                      Conjuration/Fire             4
   Fireball                           Conjuration/Fire             5


   Skills:
 + Level 3.9 Fighting
 * Level 5.4 Axes
 + Level 4.3 Dodging
 - Level 1.7 Stealth
 + Level 4.2 Spellcasting
 - Level 3.0 Conjurations
 - Level 4.1 Fire Magic
 + Level 3.9 Invocations


You had 7 spell levels left.
You knew the following spells:

 Your Spells              Type           Power        Failure   Level  Hunger
a - Flame Tongue          Conj/Fire      ###..        2%          1    None
b - Conjure Flame         Conj/Fire      ###.....     10%         3    ###....
c - Sticky Flame          Conj/Fire      ###.....     30%         4    ####...


Dungeon Overview and Level Annotations

Branches:
Dungeon (9/15)             Temple (1/1) D:6
    Orc: D:9-12        Lair: D:8-11

Altars:
Ashenzari
Cheibriados
Elyvilon
Fedhas
Gozag
Kikubaaqudgha
Makhleb
Qazlal
Sif Muna
Vehumet
Xom
Zin
The Shining One

Shops:
D:8 *

Annotations:
D:2 Ijyb
D:3 Terence


Innate Abilities, Weirdness & Mutations

You have a pair of antennae on your head.
You are partially covered in rugged brown scales (AC +1, +3% HP).
When hurt, damage is shared between your health and your magic reserves.
You regenerate magic rapidly.


Message History

The floor.
Unknown command.
Enter note: WHY Unknown command.
Evoke which item? (* to show all) (? for menu, Esc to quit)
Zapping:
J - a wand of cold {zapped: 1}
Press: ? - help, Shift-Dir - straight line, f - orc
Aim: an orc, wielding a hand axe and carrying a wand of fire {zapped: 1} The bolt of cold misses the orc.
The orc zaps a wand.
The bolt of fire hits you!
* * * LOW HITPOINT WARNING * * *
Unknown command.
Evoke which item? (* to show all) (? for menu, Esc to quit)
Zapping:
J - a wand of cold {zapped: 2}
Press: ? - help, Shift-Dir - straight line, f/p - orc
Aim: an orc, wielding a hand axe and carrying a wand of fire {zapped: 2} The bolt of cold misses the orc.
The orc zaps a wand.
The bolt of fire hits you!
One of your 2 scrolls labeled XUC COENGUEDEP catches fire!
You die...

#.# #o#.#.# #.....#.#
#. ...
#w#......(....#.###.
#)#
#ยง#.##.##.....#.....
#.#
#.#...........######
#.# #.#.# .##...###
#.# #.#.##.##...# #..
#.#.#.# #...#
#....###....#
{###@..#.##.####
#...#........#
#..##.....<..######
.o..##..............
###..##...>.....#####
#..###.......## #..#
#.......#
...###.......#
..........####


You could see an orc.

Vanquished Creatures
  A two-headed ogre (D:9)
  A hippogriff (D:8)
  An ice beast (D:8)
  4 ogres
  A phantom (D:8)
  A necrophage (D:8)
  Duvessa (D:6)
  Blork the orc (D:7)
  A scorpion (D:5)
  2 killer bees (D:8)
  Dowan (D:6)
  A hound (D:8)
  5 worker ants
  3 orc wizards
  5 adders
  2 big fish zombies (D:6)
  A shadow imp (D:5)
  A goliath beetle zombie (D:8)
  A worm (D:5)
  3 giant mites
  2 iguana skeletons
  An ooze (D:5)
  11 orcs
  2 bats
  A bat skeleton (D:4)
  5 giant cockroaches
  2 kobolds
  A giant gecko (D:6)
  2 giant newts
  A giant spore (D:6)
  6 goblins
  A kobold skeleton (D:4)
  8 rats
  A ballistomycete (D:6)
81 creatures vanquished.

Notes
Turn   | Place    | Note
--------------------------------------------------------------
     0 | D:1      | 4tharraofdagon, the Demonspawn Fire Elementalist, began the quest for the Orb.
     0 | D:1      | Reached XP level 1. HP: 13/13 MP: 3/3
   151 | D:2      | Reached skill level 3 in Fire Magic
   151 | D:2      | Gained mutation: When hurt, damage is shared between your health and your magic reserves. [demonic ancestry]
   151 | D:2      | Reached XP level 2. HP: 4/19 MP: 0/4
   201 | D:2      | Noticed Ijyb
   574 | D:3      | Gained mutation: You are partially covered in rugged brown scales (AC +1, +3% HP). [demonic ancestry]
   574 | D:3      | Reached XP level 3. HP: 9/24 MP: 0/6
   596 | D:3      | Learned a level 3 spell: Conjure Flame
   632 | D:3      | Noticed Terence
   843 | D:4      | Noticed an ogre
   869 | D:4      | Killed an ogre
   869 | D:4      | Reached skill level 1 in Fighting
   869 | D:4      | Gained mutation: You regenerate magic rapidly. [demonic ancestry]
   869 | D:4      | Reached XP level 4. HP: 19/32 MP: 1/8
   869 | D:4      | Reached XP level 5. HP: 22/38 MP: 1/9
   931 | D:4      | Learned a level 4 spell: Sticky Flame
   932 | D:5      | Entered Level 5 of the Dungeon
  1044 | D:5      | Noticed a centaur
  1531 | D:5      | Gained mutation: You have a pair of small antennae on your head. [demonic ancestry]
  1531 | D:5      | Reached XP level 6. HP: 27/45 MP: 3/11
  1641 | D:6      | Found a glowing golden altar of the Shining One.
  1779 | D:6      | Found a staircase to the Ecumenical Temple.
  1791 | D:6      | Reached skill level 4 in Fire Magic
  1813 | Temple   | Entered the Ecumenical Temple
  1860 | Temple   | Became a worshipper of Cheibriados the Contemplative
  1942 | D:6      | Noticed Duvessa
  1943 | D:6      | Noticed Dowan
  1958 | D:5      | Found an ancient bone altar of Kikubaaqudgha.
  1990 | D:6      | Reached XP level 7. HP: 51/51 MP: 10/14
  2114 | D:6      | Killed Duvessa
  2115 | D:6      | Killed Dowan
  2115 | D:6      | Reached skill level 1 in Invocations
  2145 | D:5      | Found an opulent altar of Gozag.
  2277 | D:7      | Found a shattered altar of Ashenzari.
  2313 | D:7      | Noticed Blork the orc
  2327 | D:7      | Killed Blork the orc
  2542 | D:8      | Found Xuethr Sotung's Assorted Antiques.
  2545 | D:8      | Bought a scroll labeled BRIEHE LEWICS for 31 gold pieces
  2545 | D:8      | Bought an encrusted ruby ring for 155 gold pieces
  2780 | D:8      | Gained mutation: You have a pair of antennae on your head. [demonic ancestry]
  2780 | D:8      | Reached XP level 8. HP: 44/57 MP: 13/17
  2900 | D:8      | Found a blossoming altar of Fedhas.
  2983 | D:8      | Reached skill level 5 in Axes
  3108 | D:9      | Noticed a two-headed ogre
  3115 | D:9      | Killed a two-headed ogre
  3132 | D:8      | HP: 2/59 [orc/wand of cold (12)]
  3134 | D:8      | WHY
  3220 | D:7      | WHY
  3221 | D:7      | Killed from afar by an orc

Action                   |  1- 3 |  4- 6 |  7- 9 || total
-------------------------+-------+-------+-------++-------
Melee: Unarmed           |    13 |       |       ||    13
       Short sword       |    10 |       |       ||    10
       Battleaxe         |    14 |    55 |    36 ||   105
Throw: Stone             |     3 |       |     3 ||     6
 Cast: Flame Tongue      |    30 |    38 |    79 ||   147
       Conjure Flame     |     1 |     4 |     9 ||    14
       Sticky Flame      |       |       |     5 ||     5
 Abil: Evoke Berserk Rag |     1 |     5 |       ||     6
Evoke: Wand              |     1 |     2 |     4 ||     7
  Use: Potion            |     2 |     1 |     3 ||     6
       Scroll            |     1 |     4 |     3 ||     8
 Stab: Sleeping          |       |       |     1 ||     1

Vault maps used:
D:1:      tarquinn_simple_flora_water_f
D:2:      first_bread, minmay_misc_feat_five, minmay_crystal_room, minivault_4,
          kennysheep_generic_room_11, uniq_jessica, uniq_iyjb
D:3:      uniq_terence
D:5:      ashenzari_altar_1, nicolae_overflow_hidden_temple, old_standard_altar,
          temple_fountains
D:6:      tso_metal_star, lemuel_zombie_altar_yredelemnul,
          minmay_temple_entry_junction, minmay_large_rounded_square,
          minivault_14, uniq_duvessa
D:7:      basic_altar, grunt_ogre_cave, uniq_blork_the_orc
D:8:      lemuel_doored_altar, serial_park, serial_park_square1, serial_shops,
          kennysheep_mini_moat, roderic_serpentine_path, grunt_decor_cap
D:9:      erik_orc_1, uniq_pikel
Temple:   oiseaux_autumnal_temple_12
